 Dungeon Crawl Stone Soup version 0.27-a0-836-gfc908b8576 (webtiles) character file.

Game seed: 3035550092996674986

20 polve the Ruffian (level 2, -1/24 HPs)
             Began as a Draconian Transmuter on Apr 1, 2021.
             Slain by an adder (3 damage)
             ... on level 1 of the Dungeon.
             The game lasted 00:00:45 (1320 turns).

polve the Ruffian (Draconian Transmuter)            Turns: 1320, Time: 00:00:45

Health: -1/24      AC:  4    Str: 12    XL:     2   Next: 58%
Magic:  4/5        EV: 12    Int: 13    God:
Gold:   23         SH:  0    Dex: 11    Spells: 4/5 levels left

rFire    . . .     SeeInvis .     - Unarmed
rCold    . . .     Faith    .   (no shield)
rNeg     . . .     Spirit   .   (armour unavailable)
rPois    .         Reflect  .   (helmet currently unavailable)
rElec    .         Harm     .   (no cloak)
rCorr    .         Rampage  .   (no gloves)
Will     .....                  (boots currently unavailable)
Stlth    +.........             (no amulet)
HPRegen  0.08/turn              (no ring)
MPRegen  0.09/turn              (no ring)

@: lethally poisoned (-1 -> -10), appendages
A: horns 2, talons 2, AC +4, unfitting armour, cold-blooded
a: End Transformation


You were on level 1 of the Dungeon.
You had temporarily grown beastly horns and talons.
You visited 1 branch of the dungeon, and saw 2 of its levels.

You collected 23 gold pieces.

Inventory:

Scrolls
 a - 2 scrolls of identify {unknown}
 b - a scroll of blinking {unknown}
 c - a scroll of silence {unknown}
 f - a scroll of amnesia {unknown}
Potions
 d - a potion of heal wounds {unknown}
 e - a potion of curing {unknown}


   Skills:
 + Level 1.8 Fighting
 - Level 1.7 Dodging
 * Level 3.7 Unarmed Combat
 - Level 2.0 Spellcasting
 - Level 2.0 Transmutations


You had 4 spell levels left.
You knew the following spells:

 Your Spells              Type           Power      Damage    Failure   Level
a - Beastly Appendage     Tmut           12%        N/A       11%         1

Your spell library contained the following spells:

 Spells                   Type           Power      Damage    Failure   Level
 Wereblood                Tmut           6%         N/A       17%         2
 Spider Form              Tmut/Pois      1%         N/A       45%         3
 Ice Form                 Ice/Tmut       3%         N/A       86%         4
 Hydra Form               Tmut           3%         N/A       97%         5


Dungeon Overview and Level Annotations

Branches:
Dungeon (2/15)

Altars:

Shops:
D:1 *


Innate Abilities, Weirdness & Mutations

You have temporarily grown beastly horns and talons.
Your plain brown scales are hard. (AC +4)
You cannot fit into any form of body armour.
You are cold-blooded and may be slowed by cold attacks.


Message History

You see here a +0 leather armour.
There is a stone staircase leading down here.
Done exploring.
Done exploring.
Done exploring.
Done exploring.
Done exploring.
You climb downwards.
The adder bites you but does no damage. The adder misses you.
There is a stone staircase leading up here.
The adder barely misses you.
You climb upwards.
There is a stone staircase leading down here.
You grow a pair of large bovine horns.
Your feet morph into talons.
The adder bites you. The adder misses you.
You barely miss the adder. Your headbutt misses the adder. The adder bites you.
You hit the adder but do no damage. Your kick misses the adder.
The adder bites you.
You barely miss the adder. Your kick misses the adder.
Your punch misses the adder. The adder bites you.
You miss the adder. You headbutt the adder.
The adder is moderately wounded.
The adder bites you.
You miss the adder. You tail-slap the adder.
The adder is heavily wounded.
The adder bites you.
* * * LOW HITPOINT WARNING * * *
The adder bites you.
* * * LOW HITPOINT WARNING * * *
You are lethally poisoned!
The adder poisons you!
You hit the adder. You claw the adder, but do no damage.
The adder is severely wounded.
* * * LOW HITPOINT WARNING * * *
You feel sick. The adder misses you.
You hit the adder.
The adder is almost dead.
* * * LOW HITPOINT WARNING * * *
You feel sick. The adder bites you.
You die...

♣# ##...## #.##.##.# #.# .# #####
#.##.##.# #.# ∩♣
########.##.##.#####.# .#
#..............)..##.# ♣###
#.#............##.##.##### .#.##
#.#...............##.....#
..#.####(###.###...........####.#
.###...^..##.# #.#.####..#.# #.#
#.#.####..##.# #@..# #..#.# #.#
##.## #..##.# #.S## #..#.# #.#
#.# #..##.# #.)# ###..#.# #.#
##.#####..#..###..###....#.####.#
##..........[.....†.........†...#
....#...#.#.####..###...#########
#####.............# ###.#
###.......#..)....#####.#
.........[.#####.......†#


You could see an adder.

Vanquished Creatures
  A dart slug (D:1)
  An endoplasm (D:1)
  2 giant cockroaches (D:1)
  A goblin (D:1)
  3 hobgoblins (D:1)
  2 quokkas (D:1)
  3 ball pythons (D:1)
  A frilled lizard (D:1)
  A kobold (D:1)
  2 rats (D:1)
17 creatures vanquished.

Notes
Turn   | Place    | Note
-------+----------+-------------------------------------------
     0 | D:1      | polve the Draconian Transmuter began the quest for the Orb.
     0 | D:1      | Reached XP level 1. HP: 16/16 MP: 3/3
   367 | D:1      | Reached XP level 2. HP: 7/23 MP: 5/5
   696 | D:1      | Found Reopuesch's Assorted Antiques.
  1320 | D:1      | Slain by an adder

Illustrated notes

Levels and vault maps discovered:
D:1:      lightli_arrival_noodles, layout_loops_ring, serial_shops,
          nicolae_shop_trees
D:2:      due_chaos_kobolds, layout_basic, cheibriados_altar_1

Action                   || total
-------------------------++-------
Melee: Unarmed           ||    87
       Tailslap          ||     3
       Kick              ||     2
       Headbutt          ||     1
 Cast: Beastly Appendage ||     3
Armor: Skin              ||    19
Dodge: Dodged            ||    44

Table legend: (Time is in decaauts)
 A = Elapsed time spent in this place.
 B = Non-inter-level travel time spent in this place.
 C = Inter-level travel time spent in this place.
 D = Time resting spent in this place.
 E = Time spent auto-exploring this place.
 F = Levels seen in this place.
 G = Mean time per level.
                   A        B        C        D        E       F      G
               +--------+--------+--------+--------+--------+-----+--------+
         Total |   1318 |   1269 |     49 |      0 |   1107 |   2 |  659.0 |
       Dungeon |   1318 |   1269 |     49 |      0 |   1107 |   2 |  659.0 |
               +--------+--------+--------+--------+--------+-----+--------+

Top non-repeatable levels by time:
     D:1: 1306 daAuts
     D:2: 12 daAuts
